TOP OF THE 1ST |
Riverside Red Bulls batting - Pitching for Culver City Extras : RHP Juan Rojas
|
Pitching: RHP Juan Rojas
|
|
Batting: RHB Kevin Brown
|
0-0: Fly out, F8 (Flyball, 8RM)
|
Batting: RHB Zack Flint
|
0-0: Fly out, F9 (Line Drive, 9)
|
Batting: SHB Júlio Salazar
|
0-0: Called Strike 0-1: Ball 1-1: Called Strike 1-2: Ball 2-2: Ball 3-2: Base on Balls
|
Batting: RHB Luis Flores
|
0-0: Called Strike Júlio Salazar steals 2nd base 0-1: Foul Ball, location: 2F 0-2: Ball 1-2: Ball 2-2: Foul Ball, location: 2F 2-2: Ball 3-2: SINGLE (Flyball, 7LS) Júlio Salazar to third Júlio Salazar scores
|
Batting: LHB Nathan Frey
|
0-0: Ball 1-0: Ball 2-0: Ball 3-0: Called Strike 3-1: Called Strike 3-2: Foul Ball, location: 2F 3-2: Foul Ball, location: 2F 3-2: Foul Ball, location: 2F 3-2: DOUBLE (Line Drive, 9LM) Luis Flores to third Luis Flores scores
|
Batting: RHB Pedro Mata
|
0-0: Called Strike 0-1: Fly out, F9 (Flyball, 89S)
|
Top of the 1st over - 2 run(s), 2 hit(s), 0 error(s), 1 left on base; Riverside 2 - Culver City 0 |
BOTTOM OF THE 1ST |
Culver City Extras batting - Pitching for Riverside Red Bulls : LHP Carlos Castillo
|
Pitching: LHP Carlos Castillo
|
|
Batting: RHB Augusto Trevino
|
0-0: Ball 1-0: Ball 2-0: Foul Ball, location: 2F 2-1: Ball 3-1: Swinging Strike 3-2: Foul Ball, location: 2F 3-2: TRIPLE (Flyball, 89D)
|
Batting: RHB Clint Younger
|
0-0: Fly out, F8 (Flyball, 8LD) Runner from 3rd tags up, SCORES, no throw
|
Batting: RHB Ramón Molina
|
0-0: Ball 1-0: Called Strike 1-1: Fly out, F4 (Line Drive, 4M)
|
Batting: LHB Benny Richard
|
0-0: Called Strike 0-1: Called Strike 0-2: Ball 1-2: Strikes out swinging
|
Bottom of the 1st over - 1 run(s), 1 hit(s), 0 error(s), 0 left on base; Riverside 2 - Culver City 1 |
TOP OF THE 2ND |
Riverside Red Bulls batting - Pitching for Culver City Extras : RHP Juan Rojas
|
Batting: RHB José Vázquez
|
0-0: Ball 1-0: Ball 2-0: Ground out 6-3 (Groundball, 6)
|
Batting: LHB José Arce
|
0-0: Ground out U3 (Groundball, 3)
|
Batting: RHB Isaac Pope
|
0-0: Swinging Strike 0-1: Swinging Strike 0-2: Ball 1-2: Strikes out looking
|
Top of the 2nd over - 0 run(s), 0 hit(s), 0 error(s), 0 left on base; Riverside 2 - Culver City 1 |
BOTTOM OF THE 2ND |
Culver City Extras batting - Pitching for Riverside Red Bulls : LHP Carlos Castillo
|
Batting: LHB Richard Bell
|
0-0: Fly out, F8 (Flyball, 89XD)
|
Batting: RHB Dave Anderson
|
0-0: Ground out 6-3 (Groundball, 6)
|
Batting: LHB Buddy Rice
|
0-0: Foul Ball, location: 2F 0-1: Called Strike 0-2: Foul Ball, location: 2F 0-2: Foul Ball, location: 2F 0-2: Ball 1-2: Strikes out swinging
|
Bottom of the 2nd over - 0 run(s), 0 hit(s), 0 error(s), 0 left on base; Riverside 2 - Culver City 1 |
TOP OF THE 3RD |
Riverside Red Bulls batting - Pitching for Culver City Extras : RHP Juan Rojas
|
Batting: RHB Kevin Brown
|
0-0: Ball 1-0: Foul Ball, location: 2F 1-1: Fly out, F8 (Line Drive, 8LM)
|
Batting: RHB Zack Flint
|
0-0: Swinging Strike 0-1: Ball 1-1: Ball 2-1: Foul Ball, location: 2F 2-2: Strikes out swinging
|
Batting: SHB Júlio Salazar
|
0-0: Ball 1-0: Foul Ball, location: 2F 1-1: Fly out, F9 (Flyball, 9)
|
Top of the 3rd over - 0 run(s), 0 hit(s), 0 error(s), 0 left on base; Riverside 2 - Culver City 1 |
BOTTOM OF THE 3RD |
Culver City Extras batting - Pitching for Riverside Red Bulls : LHP Carlos Castillo
|
Batting: RHB Shawn Gutiérrez
|
0-0: Ball 1-0: Swinging Strike 1-1: Swinging Strike 1-2: Strikes out swinging
|
Batting: RHB Daniel Santiago
|
0-0: Foul Ball, location: 2F 0-1: Ball 1-1: Ball 2-1: Ground out 4-3 (Groundball, 4)
|
Batting: RHB Augusto Trevino
|
0-0: Ball 1-0: Ball 2-0: Ball 3-0: Swinging Strike 3-1: Called Strike 3-2: Foul Ball, location: 2F 3-2: Fly out, F9 (Line Drive, 89M)
|
Bottom of the 3rd over - 0 run(s), 0 hit(s), 0 error(s), 0 left on base; Riverside 2 - Culver City 1 |
TOP OF THE 4TH |
Riverside Red Bulls batting - Pitching for Culver City Extras : RHP Juan Rojas
|
Batting: RHB Luis Flores
|
0-0: Foul Ball, location: 2F 0-1: Ball 1-1: Ground out 3-1 (Groundball, 34S)
|
Batting: LHB Nathan Frey
|
0-0: Ball 1-0: Foul Ball, location: 2F 1-1: Foul Ball, location: 2F 1-2: Foul Ball, location: 2F 1-2: Ground out 3-1 (Groundball, 34)
|
Batting: RHB Pedro Mata
|
0-0: Foul Ball, location: 2F 0-1: Called Strike 0-2: Ball 1-2: Ground out 6-3 (Groundball, 6)
|
Top of the 4th over - 0 run(s), 0 hit(s), 0 error(s), 0 left on base; Riverside 2 - Culver City 1 |
BOTTOM OF THE 4TH |
Culver City Extras batting - Pitching for Riverside Red Bulls : LHP Carlos Castillo
|
Batting: RHB Clint Younger
|
0-0: Ball 1-0: Called Strike 1-1: Foul Ball, location: 2F 1-2: Ball 2-2: Ground out 6-3 (Groundball, 6)
|
Batting: RHB Ramón Molina
|
0-0: Ball 1-0: Called Strike 1-1: Ball 2-1: Ball 3-1: Base on Balls
|
Batting: LHB Benny Richard
|
0-0: Called Strike 0-1: Swinging Strike 0-2: Foul Ball, location: 2F 0-2: Ball 1-2: Strikes out swinging
|
Batting: LHB Richard Bell
|
0-0: Foul Ball, location: 2F 0-1: Swinging Strike 0-2: Ball 1-2: Ball 2-2: Foul Ball, location: 2F 2-2: Fielders Choice at 2nd, 4-6 (Groundball, 4)
|
Bottom of the 4th over - 0 run(s), 0 hit(s), 0 error(s), 0 left on base; Riverside 2 - Culver City 1 |
TOP OF THE 5TH |
Riverside Red Bulls batting - Pitching for Culver City Extras : RHP Juan Rojas
|
Batting: RHB José Vázquez
|
0-0: SINGLE (Groundball, 56D)
|
Batting: LHB José Arce
|
0-0: Ball 1-0: Called Strike 1-1: Ball 2-1: Ball 3-1: Foul Ball, location: 2F 3-2: Base on Balls José Vázquez to second
|
Batting: RHB Isaac Pope
|
0-0: Ball 1-0: Swinging Strike 1-1: Foul Ball, location: 2F 1-2: Strikes out swinging
|
Batting: RHB Kevin Brown
|
0-0: Called Strike 0-1: Foul Ball, location: 2F 0-2: SINGLE (Flyball, 8LS) José Vázquez to third José Arce to second
|
Batting: RHB Zack Flint
|
0-0: Ball 1-0: Ball 2-0: Foul Ball, location: 2F 2-1: Grounds into double play, 5-2-3 (Groundball, 5S)
|
Top of the 5th over - 0 run(s), 2 hit(s), 0 error(s), 2 left on base; Riverside 2 - Culver City 1 |
BOTTOM OF THE 5TH |
Culver City Extras batting - Pitching for Riverside Red Bulls : LHP Carlos Castillo
|
Batting: RHB Dave Anderson
|
0-0: Called Strike 0-1: SINGLE (Line Drive, 9S)
|
Batting: LHB Buddy Rice
|
Pickoff Throw to First - Error! E1 Dave Anderson to second 0-0: Called Strike 0-1: Ball 1-1: Foul Ball, location: 2F 1-2: Foul Ball, location: 2F 1-2: Ground out U3 (Groundball, 34) Dave Anderson to third
|
Batting: RHB Shawn Gutiérrez
|
0-0: Ball 1-0: Ground out 6-3 (Groundball, 6) Dave Anderson scores
|
Batting: RHB Daniel Santiago
|
0-0: Ground out 4-3 (Groundball, 4)
|
Bottom of the 5th over - 1 run(s), 1 hit(s), 1 error(s), 0 left on base; Riverside 2 - Culver City 2 |
TOP OF THE 6TH |
Riverside Red Bulls batting - Pitching for Culver City Extras : RHP Juan Rojas
|
Batting: SHB Júlio Salazar
|
0-0: Fly out, F8 (Flyball, 8LD)
|
Batting: RHB Luis Flores
|
0-0: Swinging Strike 0-1: Called Strike 0-2: Ball 1-2: Strikes out swinging
|
Batting: LHB Nathan Frey
|
0-0: Called Strike 0-1: Ball 1-1: Ball 2-1: SINGLE (Flyball, 6MD)
|
Batting: RHB Pedro Mata
|
0-0: Ball 1-0: Fly out, F8 (Line Drive, 8LM)
|
Top of the 6th over - 0 run(s), 1 hit(s), 0 error(s), 1 left on base; Riverside 2 - Culver City 2 |
BOTTOM OF THE 6TH |
Culver City Extras batting - Pitching for Riverside Red Bulls : LHP Carlos Castillo
|
Batting: RHB Augusto Trevino
|
0-0: Called Strike 0-1: Ball 1-1: Ball 2-1: Ball 3-1: Base on Balls
|
Batting: RHB Clint Younger
|
0-0: Ball 1-0: Foul Ball, location: 2F 1-1: Grounds into double play, 6-4-3 (Groundball, 56)
|
Batting: RHB Ramón Molina
|
0-0: Fly out, F7 (Line Drive, 7D)
|
Bottom of the 6th over - 0 run(s), 0 hit(s), 0 error(s), 0 left on base; Riverside 2 - Culver City 2 |
TOP OF THE 7TH |
Riverside Red Bulls batting - Pitching for Culver City Extras : RHP Juan Rojas
|
Batting: RHB José Vázquez
|
0-0: Foul Ball, location: 2F 0-1: Ball 1-1: Ball 2-1: Fly out, F8 (Flyball, 8LM)
|
Batting: LHB José Arce
|
0-0: Ball 1-0: Called Strike 1-1: Swinging Strike 1-2: Ball 2-2: Foul Ball, location: 2F 2-2: Strikes out swinging
|
Batting: RHB Isaac Pope
|
0-0: Ground out 4-3 (Groundball, 4)
|
Top of the 7th over - 0 run(s), 0 hit(s), 0 error(s), 0 left on base; Riverside 2 - Culver City 2 |
BOTTOM OF THE 7TH |
Culver City Extras batting - Pitching for Riverside Red Bulls : LHP Carlos Castillo
|
Batting: LHB Benny Richard
|
0-0: Foul Ball, location: 2F 0-1: Ball 1-1: SINGLE (Flyball, 7S)
|
Pitching: RHP Ricardo López
|
|
Pinch Hitting: RHB Tony Cruz
|
0-0: Called Strike 0-1: Ball 1-1: 2-RUN HOME RUN (Flyball, 89XD), Distance : 420 ft
|
Batting: RHB Dave Anderson
|
0-0: Called Strike 0-1: Called Strike 0-2: DOUBLE (Line Drive, 89M)
|
Batting: LHB Buddy Rice
|
0-0: Intentional Walk
|
Batting: RHB Shawn Gutiérrez
|
0-0: Ball 1-0: Called Strike 1-1: Ball 2-1: Ball 3-1: Ball Dave Anderson to third Buddy Rice to second
|
Pinch Hitting: LHB Brian Ford
|
0-0: Ball 1-0: Called Strike 1-1: Ball 2-1: Fly out, F3 (Line Drive, 3S)
|
Batting: RHB Augusto Trevino
|
0-0: Ball 1-0: Ball 2-0: Ball 3-0: Called Strike 3-1: Foul Ball, location: 2F 3-2: Foul Ball, location: 2F 3-2: Base on Balls Dave Anderson scores Buddy Rice to third Shawn Gutiérrez to second
|
Pitching: RHP Gene Whitley
|
|
Batting: RHB Clint Younger
|
0-0: Called Strike 0-1: SINGLE (Flyball, 78S) Buddy Rice scores Shawn Gutiérrez to third Augusto Trevino to second
|
Batting: RHB Ramón Molina
|
0-0: Foul Ball, location: 2F 0-1: Called Strike 0-2: Grounds into double play, 6-4-3 (Groundball, 6)
|
Bottom of the 7th over - 4 run(s), 4 hit(s), 0 error(s), 2 left on base; Riverside 2 - Culver City 6 |
TOP OF THE 8TH |
Riverside Red Bulls batting - Pitching for Culver City Extras : RHP Juan Rojas
|
Pitching: LHP Henry Brown
|
|
Now at 3B: Artie Pennington
|
|
Now in CF: Quincy Vance
|
|
Batting: RHB Kevin Brown
|
0-0: Ball 1-0: Swinging Strike 1-1: Called Strike 1-2: Foul Ball, location: 2F 1-2: Foul Ball, location: 2F 1-2: Strikes out looking
|
Batting: RHB Zack Flint
|
0-0: Ball 1-0: Called Strike 1-1: Called Strike 1-2: Strikes out swinging
|
Batting: SHB Júlio Salazar
|
0-0: Ball 1-0: Ball 2-0: Ball 3-0: Called Strike 3-1: Called Strike 3-2: Base on Balls
|
Batting: RHB Luis Flores
|
0-0: Ball 1-0: Foul Ball, location: 2F 1-1: Ball 2-1: Ball 3-1: Base on Balls Júlio Salazar to second
|
Batting: LHB Nathan Frey
|
0-0: Ball Wild Pitch! Júlio Salazar to third Luis Flores to second 1-0: Foul Ball, location: 2F 1-1: Swinging Strike 1-2: Ball 2-2: Foul Ball, location: 2F 2-2: Ball 3-2: Ground out U3 (Groundball, 34S)
|
Top of the 8th over - 0 run(s), 0 hit(s), 0 error(s), 2 left on base; Riverside 2 - Culver City 6 |
BOTTOM OF THE 8TH |
Culver City Extras batting - Pitching for Riverside Red Bulls : RHP Gene Whitley
|
Batting: LHB Benny Richard
|
0-0: Ball 1-0: Ball 2-0: Foul Ball, location: 2F 2-1: Swinging Strike 2-2: Strikes out swinging
|
Batting: RHB Artie Pennington
|
0-0: Ball 1-0: Ball 2-0: Foul Ball, location: 2F 2-1: Foul Ball, location: 2F 2-2: Fly out, F9 (Flyball, 89D)
|
Batting: RHB Dave Anderson
|
0-0: Called Strike 0-1: Swinging Strike 0-2: Ball 1-2: Foul Ball, location: 2F 1-2: Ball 2-2: Ball 3-2: SINGLE (Groundball, 6MD)
|
Batting: LHB Buddy Rice
|
0-0: Ground out 5-3 (Groundball, 56S)
|
Bottom of the 8th over - 0 run(s), 1 hit(s), 0 error(s), 1 left on base; Riverside 2 - Culver City 6 |
TOP OF THE 9TH |
Riverside Red Bulls batting - Pitching for Culver City Extras : LHP Henry Brown
|
Batting: RHB Pedro Mata
|
0-0: Ball 1-0: Ground out 5-3 (Groundball, 56S)
|
Batting: RHB José Vázquez
|
0-0: Ball 1-0: Ball 2-0: SINGLE (Groundball, 6D)
|
Batting: LHB José Arce
|
0-0: Fly out, F9 (Flyball, 89M)
|
Batting: RHB Isaac Pope
|
0-0: Called Strike 0-1: Foul Ball, location: 2F 0-2: Strikes out swinging
|
Top of the 9th over - 0 run(s), 1 hit(s), 0 error(s), 1 left on base; Riverside 2 - Culver City 6 |
|